 Dungeon Crawl Stone Soup version 0.30-a0-6-g7c9e10e132 (webtiles) character file.

Game seed: 18360623165776168779

7 themarg the Insei (level 2, -1/23 HPs)
             Began as a Gnoll Transmuter on Aug 22, 2022.
             Slain by a goblin
             ... wielding a +0 dagger
              (2 damage)
             ... on level 1 of the Dungeon.
             The game lasted 00:01:07 (447 turns).

themarg the Insei (Gnoll Transmuter)                 Turns: 447, Time: 00:01:09

Health: -1/23      AC:  2    Str:  9    XL:     2   Next: 4%
Magic:  5/7        EV: 13    Int: 12    God:
Gold:   39         SH:  0    Dex: 12    Spells: 7/10 levels left

rFire   . . .      SeeInvis .    i - +1 dagger (elec)
rCold   . . .      Faith    .    (no shield)
rNeg    . . .      Spirit   .    a - +0 robe
rPois   .          Reflect  .    (helmet currently unavailable)
rElec   .          Harm     .    (no cloak)
rCorr   .          Rampage  .    (no gloves)
Will    .....                    (boots currently unavailable)
Stlth   +.........               (no amulet)
HPRegen 0.07/turn                (no ring)
MPRegen 0.10/turn                (no ring)

@: appendages, wereblooded
A: horns 2, talons 2, fangs 1, strong nose, distributed training
a: End Transformation


You were on level 1 of the Dungeon.
You had temporarily grown beastly horns and talons.
You visited 1 branch of the dungeon, and saw 1 of its levels.

You collected 39 gold pieces.

Inventory:

Hand Weapons
 i - a +1 dagger of electrocution (weapon)
Missiles
 c - 9 stones
Armour
 a - a +0 robe (worn)
Potions
 b - a potion of lignification
 d - a potion of flight {unknown}
 e - a potion of attraction {unknown}
 f - a potion of brilliance {unknown}
 g - a potion of heal wounds {unknown}


   Skills:
 + Level 2.4 Fighting
 + Level 0.2 Short Blades
 + Level 0.2 Long Blades
 + Level 0.2 Axes
 + Level 0.2 Maces & Flails
 + Level 0.2 Polearms
 + Level 0.2 Staves
 + Level 0.2 Ranged Weapons
 + Level 0.2 Throwing
 + Level 0.2 Armour
 + Level 4.4 Dodging
 + Level 0.2 Stealth
 + Level 0.2 Shields
 + Level 6.4 Unarmed Combat
 + Level 4.9 Spellcasting
 + Level 0.1 Conjurations
 + Level 0.1 Hexes
 + Level 0.1 Summonings
 + Level 0.1 Necromancy
 + Level 0.1 Translocations
 + Level 3.6 Transmutations
 + Level 0.1 Fire Magic
 + Level 0.1 Ice Magic
 + Level 0.1 Air Magic
 + Level 0.1 Earth Magic
 + Level 0.1 Poison Magic
 + Level 0.3 Invocations
 + Level 0.2 Evocations


You had 7 spell levels left.
You knew the following spells:

 Your Spells              Type           Power      Damage    Failure   Level
a - Beastly Appendage     Tmut           22%        N/A       4%          1
b - Wereblood             Tmut           11%        N/A       7%          2

Your spell library contained the following spells:

 Spells                   Type           Power      Damage    Failure   Level
 Spider Form              Tmut/Pois      7%         N/A       28%         3
 Ice Form                 Ice/Tmut       7%         N/A       67%         4


Dungeon Overview and Level Annotations

Branches:
Dungeon (1/15)

Altars:


Innate Abilities, Weirdness & Mutations

You have temporarily grown beastly horns and talons.
You have very sharp teeth.
Your uncanny sense of smell can sniff out nearby items.
Your experience applies equally to all skills.


Message History

You grow a pair of large bovine horns.
Your feet morph into talons.
Casting: Beastly Appendage (safe; 4% risk of failure)
Confirm with . or Enter, or press ? or * to list all spells.
Your blood is infused with primal strength.
You closely miss the kobold. Your kick misses the kobold.
The kobold hits you with a +2 dagger of venom.
You are poisoned.
You hit the kobold.
The kobold is moderately wounded.
You feel sick. The kobold misses you.
You hit the kobold but do no damage. You claw the kobold.
You feel a bit better.
You kill the kobold!
You howl as the wereblood boils in your veins!
You feel sick.
You hear a shout!
The quokka barely misses you.
A quokka comes into view.
The quokka bites you.
You hit the quokka but do no damage. Your kick misses the quokka.
You feel sick. The quokka misses you.
You hit the quokka but do no damage.
You feel sick. The quokka bites you.
You barely miss the quokka. Your kick misses the quokka.
You feel sick. The quokka misses you.
A goblin comes into view. It is wielding a +0 dagger.
The quokka attacks as you move away! The quokka barely misses you.
You feel sick. The quokka bites you.
* * * LOW HITPOINT WARNING * * *
The quokka attacks as you move away!
The quokka bites you but does no damage.
You feel sick.
You are no longer poisoned.
The quokka bites you but does no damage.
You hit the quokka. Your kick misses the quokka.
Your headbutt misses the quokka.
The quokka is lightly wounded.
The quokka bites you.
* * * LOW HITPOINT WARNING * * *
The goblin hits you with a +0 dagger.
You die...

.... ##. .######.# .... ...
#.#######.# ... #.. ...#.......#
#.##.####...#.#######
#...........#.# #...).......#.#
#...._......#.#
#..grr......#.####### #
.....##@.......#.......# # ....
#..#.....#######.# ##### ...
#..#..... #.# ....# .. .. #.##
.... #.# ....# #...
#.##############.# ....###..###
##.#...........##.#
...........####..#.#########.##.#
.........#....#..#..............#
.).......#....#..###.........####


You could see 2 quokkas and a goblin.

Vanquished Creatures
  A goblin (D:1)
  2 jackals (D:1)
  A quokka (D:1)
  2 kobolds (D:1)
  A rat (D:1)
7 creatures vanquished.

Notes
Turn   | Place    | Note
-------+----------+-------------------------------------------
     0 | D:1      | themarg the Gnoll Transmuter began the quest for the Orb.
     0 | D:1      | Reached XP level 1. HP: 17/17 MP: 6/6
   375 | D:1      | Reached XP level 2. HP: 23/23 MP: 5/7
   426 | D:1      | Found a faded altar of an unknown god.
   430 | D:1      | Learned a level 2 spell: Wereblood
   447 | D:1      | HP: 1/23 [quokka (3)]
   447 | D:1      | Slain by a goblin

Illustrated notes

Levels and vault maps discovered:
D:1:      dpeg_arrival_simpleton_a, layout_basic, basic_ecumenical_altar,
          minmay_misc_feat_room, minmay_misc_feat_more_columns,
          minmay_misc_feat_encased

Action                   || total
-------------------------++-------
Melee: Unarmed           ||     5
       Dagger            ||    10
       Kick              ||     2
       Bite              ||     1
 Cast: Beastly Appendage ||     6
       Wereblood         ||     1
Armor: Robe              ||     3
Dodge: Dodged            ||     8

Table legend: (Time is in decaauts)
 A = Elapsed time spent in this place.
 B = Non-inter-level travel time spent in this place.
 C = Inter-level travel time spent in this place.
 D = Time resting spent in this place.
 E = Time spent auto-exploring this place.
 F = Levels seen in this place.
 G = Mean time per level.
                   A        B        C        D        E       F      G
               +--------+--------+--------+--------+--------+-----+--------+
         Total |    445 |    445 |      0 |      0 |    366 |   1 |  445.0 |
       Dungeon |    445 |    445 |      0 |      0 |    366 |   1 |  445.0 |
               +--------+--------+--------+--------+--------+-----+--------+

Top non-repeatable levels by time:
     D:1: 445 daAuts
